 Dungeon Crawl Stone Soup version 0.30-a0-778-g2ef04afb54 (console) character file.

Game seed: 16729404020224579915

66 rlgrobin the Chopper (level 4, -3/38 HPs)
             Began as a Meteoran Fighter on Feb 17, 2023.
             Slain by Pikel
             ... wielding a +2 whip of flaming
              (6 damage)
             ... on level 4 of the Dungeon.
             The game lasted 00:01:22 (290 turns).

rlgrobin the Chopper (Meteoran Fighter)              Turns: 290, Time: 00:01:23

Health: -3/38      AC:  6    Str: 20    XL:     4   Next: 63%
Magic:  5/5        EV:  9    Int:  9    God:
Gold:   149        SH:  5    Dex: 13    Spells: 3/3 levels left

rFire   . . .      SeeInvis .    a - +0 war axe
rCold   . . .      Faith    .    c - +0 buckler
rNeg    . . .      Spirit   .    b - +0 scale mail
rPois   .          Reflect  .    (no helmet)
rElec   .          Harm     .    (no cloak)
rCorr   .          Rampage  .    (no gloves)
Will    .....                    (no boots) Stlth
                                 (no amulet)
HPRegen 0.26/turn                (no ring)
MPRegen 0.09/turn                (no ring)

@: mighty, glowing
A: sense surroundings 1, otherworldly, glowing, explore regen
a: no special abilities


You were on level 4 of the Dungeon.
You visited 1 branch of the dungeon, and saw 4 of its levels.

You collected 149 gold pieces.

Inventory:

Hand Weapons
 a - a +0 war axe (weapon)
Armour
 b - a +0 scale mail (worn)
 c - a +0 buckler (worn)
Scrolls
 f - a scroll of noise {unknown}
Potions
 e - 2 potions of degeneration {unknown}
 g - a potion of curing {unknown}
 h - a potion of lignification {unknown}


   Skills:
 - Level 3.2 Fighting
 + Level 5.2 Axes
 - Level 3.6 Armour
 - Level 3.6 Shields


You had 3 spell levels left.
You didn't know any spells.
Your spell library was empty.

Dungeon Overview and Level Annotations

Branches:
Dungeon (4/15) Zot: 2091
 Temple: D:4-7

Altars:

Annotations:
D:4 Pikel


Innate Abilities, Weirdness & Mutations

You passively map a small area around you.
You are easily found by Zot.
You glow in the dark.
You regain HP and MP as you explore.


Message History

The lemure is severely wounded.
You barely miss the adder. The adder bites you. The lemure hits you!
The adder bites you but does no damage. The lemure attacks as you move away!
The lemure hits you! The adder attacks as you move away!
The adder bites you but does no damage. The lemure attacks as you move away!
The lemure hits you but does no damage.
You closely miss the lemure.
The lemure is severely wounded.
The lemure hits you. x2
You hit the lemure but do no damage.
The lemure is severely wounded.
The lemure barely misses you.
You hit the lemure.
The lemure is almost dead.
The lemure hits you.
You hit the lemure.
You kill the lemure!
That felt strangely unrewarding.
A goblin comes into view. It is wielding a +0 club.
You block the adder's attack. The adder attacks as you move away!
The adder bites you but does no damage.
The goblin shouts!
You hear a shout!
You feel very mighty all of a sudden. The adder bites you.
You block the adder's attack.
You slash the adder!
The adder is severely wounded.
The adder bites you but does no damage.
An orc comes into view. It is wielding a +0 short sword.
You slash the adder!
You kill the adder!
You hit something. You closely miss the goblin.
Something hits you but does no damage. The goblin hits you but does no damage.
You hit something but do no damage. You slash the goblin!
You kill the goblin!
Something hits you!
* * * LOW HITPOINT WARNING * * *
Something burns you.
* * * LOW HITPOINT WARNING * * *
Something hits you.
You die...

* , * ,, * *, , ,,
* , ,+ ,,,##$ ,
,,,,* #K$#, * * *
....5 *
########.5..,, *, ,
#......'..K., #.
#...$..########...#
, *
#..##.555{@)..o..#
*
#..##$.####'####..
, * *#...†..#
##....## *
#......###......##,
,
#########..#..#..#
* #..######.#
#...##...#
...........##
#...##...#
#...........#
#..#..#..#
#...........#
##..†...##


You could see 3 lemures and an orc.

Vanquished Creatures
  A lemure (D:4)
  An iguana (D:4)
  2 adders (D:4)
  A dart slug (D:4)
  An orc (D:4)
  A giant cockroach (D:4)
  A goblin (D:4)
  4 hobgoblins
  4 jackals (D:1)
  2 kobolds (D:4)
  A quokka (D:4)
  A rat (D:2)
20 creatures vanquished.

Notes
Turn   | Place    | Note
-------+----------+-------------------------------------------
     0 | D:1      | rlgrobin the Meteoran Fighter began the quest for the Orb.
     0 | D:1      | Reached XP level 1. HP: 19/19 MP: 2/2
    60 | D:1      | Reached skill level 3 in Axes
    60 | D:1      | Reached XP level 2. HP: 23/26 MP: 3/3
   221 | D:4      | Reached skill level 4 in Axes
   221 | D:4      | Reached XP level 3. HP: 25/31 MP: 4/4
   224 | D:4      | Reached XP level 4. HP: 21/38 MP: 5/5
   231 | D:4      | Reached skill level 5 in Axes
   270 | D:4      | Noticed a lemure
   271 | D:4      | Noticed Pikel
   271 | D:4      | Noticed a lemure
   271 | D:4      | Noticed a lemure
   272 | D:4      | Noticed a lemure
   284 | D:4      | Killed a lemure
   290 | D:4      | Slain by Pikel

Illustrated notes

Levels and vault maps discovered:
D:1:      nagdon_arrival_zigzag_paths, layout_basic,
          shapermc_ecumenical_altar_starsandcircs
D:2:      layout_basic, serial_shops, nicolae_shop_behind_doors,
          kennysheep_cross_room
D:3:      layout_loops_ring
D:4:      minmay_polygon_palace, layout_loops_ring,
          nicolae_hepliaklqana_monster_ancestors,
          gammafunk_temple_overflow_statue, minmay_temple_entry_grid,
          chequers_serial_rivers_micro_b, uniq_menkaure, uniq_pikel

Skill      XL: |  1  2  3  4 |
---------------+-------------+-----
Axes           | 3 4 5 |  5.2
Fighting       | |  3.2
Armour         | |  3.6
Shields        | |  3.6

Action                     |  1- 3 |  4- 6 || total
---------------------------+-------+-------++-------
  Melee: War axe           |    35 |    19 ||    54
    Use: Potion            |       |     1 ||     1
 Armour: Scale mail        |    23 |    13 ||    36
  Dodge: Dodged            |    14 |     3 ||    17
  Block: Buckler           |     6 |     7 ||    13

Table legend: (Time is in decaauts)
 A = Elapsed time spent in this place.
 B = Non-inter-level travel time spent in this place.
 C = Inter-level travel time spent in this place.
 D = Time resting spent in this place.
 E = Time spent auto-exploring this place.
 F = Levels seen in this place.
 G = Mean time per level.
                   A        B        C        D        E       F      G
               +--------+--------+--------+--------+--------+-----+--------+
         Total |    307 |    307 |      0 |      0 |      0 |   4 |   76.8 |
       Dungeon |    307 |    307 |      0 |      0 |      0 |   4 |   76.8 |
               +--------+--------+--------+--------+--------+-----+--------+

Top non-repeatable levels by time:
     D:4: 116 daAuts
     D:1: 108 daAuts
     D:2: 55 daAuts
     D:3: 26 daAuts
